 Dungeon Crawl Stone Soup version 0.28.0 (webtiles) character file.

Game seed: 3257141834373806530

476 vvl the Stinger (level 6, -5/61 HPs)
             Began as a Demonspawn Venom Mage on Feb 4, 2022.
             Was an Initiate of Hepliaklqana.
             Slain by a yak (10 damage)
             ... on level 4 of the Dungeon.
             The game lasted 00:07:55 (4434 turns).

vvl the Stinger (Demonspawn Venom Mage)             Turns: 4434, Time: 00:07:55

Health: -5/61      AC: 23    Str:  9    XL:     6   Next: 84%
Magic:  10/10      EV:  2    Int: 18    God:    Hepliaklqana [......]
Gold:   147        SH:  4    Dex: 13    Spells: 9/10 levels left

rFire   . . .      SeeInvis .   h - +0 flail
rCold   . . .      Faith    .   (no shield)
rNeg    . . .      Spirit   .   (armour currently unavailable)
rPois   +          Reflect  .   (helmet currently unavailable)
rElec   .          Harm     .   (cloak currently unavailable)
rCorr   +          Rampage  .   (gloves currently unavailable)
Will    .....      NoTele   +   (boots currently unavailable)
Stlth   ++........              (no amulet)
HPRegen 0.20/turn               b - ring of resist corrosion
MPRegen 0.12/turn               (no ring)

@: tree-form
A: stationary, stasis, torment immunity, boosted hp, (claws 1), foul stench 1,
(sanguine armour 1), condensation shield
a: Renounce Religion


You were on level 4 of the Dungeon.
You worshipped Hepliaklqana.
Hepliaklqana was noncommittal.
You were a tree.
You visited 1 branch of the dungeon, and saw 4 of its levels.

You collected 147 gold pieces.

Inventory:

Hand Weapons
 h - a +0 flail (weapon)
Armour
 a - an orb of guile
 f - a +0 ring mail of poison resistance (melded)
 g - a +0 helmet (melded)
Jewellery
 b - a ring of resist corrosion (left branch)
 e - a ring of ice
Wands
 i - a wand of polymorph (8)
Scrolls
 d - a scroll of noise {unknown}
 l - a scroll of blinking {unknown}
 m - 2 scrolls of teleportation {unknown}
Potions
 j - a potion of might {unknown}
 k - a potion of mutation {unknown}


   Skills:
 * Level 2.3 Armour
 + Level 2.8 Dodging
 - Level 2.0 Stealth
 + Level 2.9 Spellcasting
 + Level 1.6 Summonings
 + Level 1.8 Necromancy
 + Level 2.2 Transmutations
 * Level 4.6 Poison Magic
 + Level 1.7 Invocations


You had 9 spell levels left.
You knew the following spells:

 Your Spells              Type           Power      Damage    Failure   Level
a - Sting                 Tmut/Pois      60%        1d6       4%          1

Your spell library contained the following spells:

 Spells                   Type           Power      Damage    Failure   Level
 Poisonous Vapours        Pois/Air       20%        N/A       10%         2
 Olgreb's Toxic Radiance  Pois           19%        N/A       24%         4
 Mephitic Cloud           Conj/Pois/Air  8%         N/A       26%         3
 Summon Forest            Summ/Tloc      2%         N/A       97%         5
 Summon Mana Viper        Hex/Summ       5%         N/A       97%         5
 Summon Cactus Giant      Summ           4%         N/A       100%        6


Dungeon Overview and Level Annotations

Branches:
Dungeon (4/15)
 Temple: D:4-7

Altars:
Hepliaklqana
Ru
Wu Jian


Innate Abilities, Weirdness & Mutations

You are a tree.
Your roots penetrate the ground, keeping you stationary.
You cannot be teleported.
You are immune to unholy pain and torment.
Your maximum health is greatly increased.
Your equipment is partially melded.
((You have sharp fingernails.))
You may rarely emit foul miasma when damaged in melee.
((When seriously injured, your blood forms armour. (AC +0)))
A meltable shield of frost defends you. (SH +4)


Message History

The yak gores you but does no damage.
You hit the yak.
The yak is lightly wounded.
The yak gores you!
* * * LOW HITPOINT WARNING * * *
You turn into a tree.
Your +0 helmet melds into your body.
Your +0 ring mail of poison resistance melds into your body.
You no longer feel resistant to poison.
Your roots penetrate the ground.
Your blood armour dries and flakes away.
The yak barely misses you.
You barely miss the yak.
The yak is lightly wounded.
The yak gores you but does no damage.
You barely miss the yak.
The yak is lightly wounded.
The yak gores you but does no damage.
You hit the yak.
The yak is moderately wounded.
The yak gores you but does no damage. The yak gores you.
* * * LOW HITPOINT WARNING * * *
You emit a cloud of foul miasma!
You closely miss the yak.
The yak is moderately wounded.
The yak is engulfed in dark miasma.
The yak is poisoned.
The yak gores you.
* * * LOW HITPOINT WARNING * * *
You hit the yak.
The yak is heavily wounded.
The yak is engulfed in dark miasma.
The yak looks even sicker.
The yak seems to slow down.
The yak gores you but does no damage.
The yak is engulfed in dark miasma.
The yak looks even sicker.
You kill the yak!
You cannot move.
The giant cockroach waves its antennae.
You sock the yak!
The yak is severely wounded.
The yak gores you but does no damage.
You hit the yak.
The yak is almost dead.
You block the yak's attack. The yak gores you!
You die...

..... #. # ...#..###.
##.# ...# .....###...#
... #...#$.### ##.#
#..r†...r# #. ###..#
####r###.Y..
###..##)..## #....# .
.......<...######.######
#####...##.♣YB...<.....#
###.######..######.$.
#.# ....## ... .$.###
... ##. ..## # .#


You could see a yak (poisoned) and a giant cockroach.

Vanquished Creatures
  2 yaks (D:4)
  Terence (D:2)
  Jessica (D:3)
  An iguana (D:3)
  5 adders
  4 dart slugs
  An orc (D:3)
  6 endoplasms
  2 giant cockroaches (D:1)
  6 goblins
  3 hobgoblins
  2 quokkas (D:2)
  4 ball pythons
  4 bats
  4 frilled lizards
  4 kobolds
  6 rats
56 creatures vanquished.

Notes
Turn   | Place    | Note
-------+----------+-------------------------------------------
     0 | D:1      | vvl the Demonspawn Venom Mage began the quest for the Orb.
     0 | D:1      | Reached XP level 1. HP: 13/13 MP: 3/3
   221 | D:1      | Found a faded altar of an unknown god.
   229 | D:1      | Reached skill level 1 in Transmutations
   356 | D:1      | Gained mutation: You may rarely emit foul miasma when
                  | damaged in melee. [demonic ancestry]
   356 | D:1      | Reached XP level 2. HP: 9/19 MP: 0/5
  1846 | D:2      | Reached XP level 3. HP: 24/24 MP: 3/6
  2901 | D:2      | Noticed Terence
  2915 | D:2      | Killed Terence
  2916 | D:2      | Gained mutation: When seriously injured, your blood forms
                  | armour. (AC +0) [demonic ancestry]
  2916 | D:2      | Reached XP level 4. HP: 18/30 MP: 0/7
  3128 | D:2      | Reached skill level 1 in Armour
  3137 | D:2      | Found a sacrificial altar of Ru.
  3581 | D:3      | Noticed Jessica
  3588 | D:3      | Killed Jessica
  3589 | D:3      | Reached skill level 1 in Necromancy
  3779 | D:3      | Gained mutation: A meltable shield of frost defends you.
                  | (SH +4) [demonic ancestry]
  3779 | D:3      | Reached XP level 5. HP: 33/35 MP: 4/8
  3814 | D:3      | Found a hazy altar of Hepliaklqana.
  3828 | D:3      | Reached skill level 1 in Summonings
  3828 | D:3      | Reached skill level 4 in Poison Magic
  3928 | D:3      | Became a worshipper of Hepliaklqana the Forgotten
  4043 | D:3      | Found an ornate altar of the Wu Jian Council.
  4221 | D:4      | Noticed a yak
  4237 | D:4      | Noticed a yak
  4238 | D:4      | Killed a yak
  4238 | D:4      | Noticed a yak
  4239 | D:4      | Reached skill level 1 in Invocations
  4239 | D:4      | Gained mutation: You have sharp fingernails. [demonic
                  | ancestry]
  4239 | D:4      | Reached XP level 6. HP: 26/41 MP: 1/10
  4426 | D:4      | HP: 3/61 [yak (6)]
  4427 | D:4      | Killed a yak
  4434 | D:4      | Slain by a yak

Illustrated notes

Levels and vault maps discovered:
D:1:      kennysheep_arrival_forest, layout_basic, ebering_ecumenical_altar_webs
D:2:      layout_loops_ring, basic_altar, chequers_arboretum,
          minmay_split_cup_large, uniq_terence
D:3:      layout_rooms, lemuel_doored_altar, lemuel_crystal_altar,
          minmay_misc_feat_tiny, uniq_jessica
D:4:      layout_rooms, mainiacjoe_overflow_paths,
          nicolae_ru_sacrificial_ziggurat, serial_shops, nicolae_shop_stone

Skill      XL: |  1  2  3  4  5 |
---------------+----------------+-----
Transmutations | 1 2 |  2.2
Stealth        | 2 |  2.0
Dodging        | 2 |  2.8
Armour         | 1 2 |  2.3
Necromancy     | 1 |  1.8
Summonings     | 1 |  1.6
Poison Magic   | 4 |  4.6
Invocations    | 1 |  1.7
Spellcasting   | |  2.9

Action                   |  1- 3 |  4- 6 || total
-------------------------+-------+-------++-------
Melee: Unarmed           |    26 |       ||    26
       Flail             |     8 |    36 ||    44
       Punch             |       |     1 ||     1
 Cast: Sting             |    62 |    45 ||   107
  Use: Potion            |     1 |     1 ||     2
Armor: Robe              |     6 |       ||     6
       Ring mail         |    12 |    18 ||    30
       Skin              |       |     5 ||     5
Dodge: Dodged            |    50 |    33 ||    83
Block: Other             |       |     7 ||     7
